 Dungeon Sprint DCSS version 0.31-a0-18-gea43df2a32 (webtiles) character file.

Game seed: 11485694051614744984

5731 sircluck the Brawler (level 10, -26/169 HPs)
             Began as a Troll Berserker on May 10, 2023.
             Was a High Priest of Trog.
             Killed from afar by a crystal guardian (63 damage)
             ... with a crystal bolt
             ... in the Dungeon (Sprint II: "The Violet Keep of Menkaure").
             The game lasted 00:04:44 (657 turns).

sircluck the Brawler (Troll Berserker)               Turns: 657, Time: 00:04:45

Health: -26/169    AC: 10    Str: 31    XL:     10   Next: 48%
Magic:  9/9        EV: 11    Int:  6    God:    Trog [*****.]
Gold:   513        SH:  5    Dex:  9    Spells: 9/9 levels left

rFire   + +          .
                       - Unarmed
rCold   x . .        (no shield)
rNeg    . . .        k - +0 fire dragon scales
rPois   .            (helmet restricted)
rElec   .            (no cloak)
rCorr   .            (gloves unavailable)
SInv    .            (boots unavailable)
Will    +....        i - amulet of Demons {Reflect Rampage Will+ Int+3 SH+5} Stlth
                     j - ring of flight
HPRegen 1.28/turn    (no ring)
MPRegen 0.11/turn

%: no teleportation, reflection, rampage
@: berserking, lethally poisoned (-26 -> -71), flying, slowed
A: large, unfitting armour, claws 3, regeneration 1, shaggy fur 1, tough skin 1
a: Renounce Religion, Berserk, Trog's Hand, Brothers in Arms


You were in the Dungeon.
You worshipped Trog.
Trog was extremely pleased with you.
You visited 1 branch You collected 1302 gold pieces.
You spent 789 gold pieces at shops.

Inventory:

Armour
 a - a +0 animal skin
 k - +0 fire dragon scales (worn)
Jewellery
 i - the amulet of Demons (around neck) {Reflect Rampage Will+ Int+3 SH+5}
   (You bought it in a shop in the Dungeon)

   [amulet of reflection]

   It reflects blocked missile attacks.
   Int:       It affects your intelligence (+3).
   SH:        It affects your SH (+5).
   Rampage:   It bestows one free step when moving towards enemies.
   Will:      It increases your willpower.
 j - a ring of flight (left claw)
 l - an amulet of magic regeneration
Scrolls
 g - a scroll of blinking
 h - a scroll of magic mapping
Potions
 c - a potion of heal wounds
 d - a potion of haste
 e - 2 potions of magic
 f - a potion of berserk rage


   Skills:
 + Level 11.1 Fighting
 + Level 0.3 Armour
 + Level 11.5 Dodging
 + Level 0.8 Stealth
 + Level 0.3 Shields
 + Level 17.4 Unarmed Combat


You had 9 spell levels left.
You didn't know any spells.
Your spell library was empty.

Dungeon Overview and Level Annotations

Branches:
Dungeon (1/1)

Altars:
Cheibriados
Dithmenos
Elyvilon
Fedhas
Gozag
Hepliaklqana
Kikubaaqudgha
Makhleb
Nemelex Xobeh
Okawaru
Qazlal
Ru
Sif Muna
Trog
Uskayaw
Vehumet
Wu Jian
Jiyva
Lugonu

Shops:
D =!:?*=:?(![[[?!

Annotations:
D exclusions: oklob plant and orange crystal statue


Innate Abilities, Weirdness & Mutations

You are too large for most types of armour.
You have claws for hands.
Your natural rate of healing is unusually fast.
You are covered in fur. (AC +1)
You have tough skin. (AC +1)


Message History

You are engulfed in dark miasma.
You are more poisoned.
You feel as though you will be slow longer.
You feel extremely sick. The death drake bites you! x2
You feel better.
You are engulfed in dark miasma.
You are poisoned.
You feel extremely sick. The death drake bites you.
You block the death drake's attack.
A red film seems to cover your vision as you go berserk!
You feel yourself moving faster!
You feel mighty!
You feel very sick. The death drake bites you.
You block the death drake's attack.
You mangle the death drake!!
The death drake is heavily wounded.
You feel sick. The death drake breathes miasma at you.
The foul vapour engulfs you!
You are more poisoned.
You feel as though you will be slow longer.
You eviscerate the death drake!!!
You kill the death drake!
Trog accepts your kill. Trog grants you a weapon!
Something appears at your feet!
You see here a +5 dire flail of flaming.
You are engulfed in dark miasma.
You are more poisoned.
You feel extremely sick.
You scratch the crystal guardian but do no damage.
You claw the crystal guardian!
The crystal guardian is moderately damaged.
You are engulfed in dark miasma.
You are lethally poisoned!
You feel as though you will be slow longer.
* * * LOW HITPOINT WARNING * * *
x2 You feel extremely sick.
The crystal guardian fires a crystalline bolt at you.
The crystal bolt freezes you!!!
You feel a terrible chill!
You die...

##++## ##≈^^^### e≈.^...#
+ ####^...# ## . #..'†..^#
.# ##+# #.)####^# k#
##.### ####..'°##9# ..#..#
.#..#°°@####
#.#.####..#####°°##.#
##'###.##..#).°°°#..#
##.##...#..#..#.^#..#
†.<.'###+..####..##)#
##.##...#....###...##▓▓
##'###.##......~~~~~~~~~~~
#...####~~.....~#+########
.##..#~~~§~~~..~#....._..#


You could see a death drake and a crystal guardian.

Vanquished Creatures
  A fire dragon (D)
  A death yak (D)
  2 boulder beetles (D)
  A death drake (D)
  A yaktaur (D)
  A hornet (D)
  3 polar bears (D)
  2 slime creatures (D)
  2 wyverns (D)
  4 neqoxecs (D)
  2 water moccasins (D)
  5 scorpions (D)
25 creatures vanquished.

Vanquished Creatures (others)
  Menkaure (D)
1 creature vanquished.

Grand Total: 26 creatures vanquished

Notes
Turn   | Place    | Note
-------+----------+-------------------------------------------
     0 | D        | sircluck the Troll Berserker began the quest for the Orb.
     0 | D        | Reached XP level 1. HP: 22/22 MP: 0/0
     1 | D        | Noticed a scorpion
     1 | D        | Noticed a scorpion
     1 | D        | Noticed a scorpion
     1 | D        | Noticed a scorpion
     5 | D        | Noticed a wyvern
     5 | D        | Noticed a wyvern
     9 | D        | Noticed a neqoxec
     9 | D        | Noticed a neqoxec
     9 | D        | Noticed a neqoxec
     9 | D        | Noticed a neqoxec
    20 | D        | Killed a neqoxec
    21 | D        | Reached skill level 5 in Fighting
    21 | D        | Reached skill level 5 in Dodging
    21 | D        | Reached skill level 6 in Unarmed Combat
    21 | D        | Reached XP level 2. HP: 35/35 MP: 1/1
    21 | D        | Reached XP level 3. HP: 42/42 MP: 2/2
    21 | D        | Reached XP level 4. HP: 50/50 MP: 3/3
    24 | D        | Killed a neqoxec
    25 | D        | Reached skill level 8 in Unarmed Combat
    25 | D        | Reached XP level 5. HP: 38/61 MP: 4/4
    29 | D        | Killed a neqoxec
    29 | D        | Reached ** piety under Trog
    30 | D        | Reached skill level 9 in Unarmed Combat
    30 | D        | Reached XP level 6. HP: 25/71 MP: 5/5
    30 | D        | Killed a neqoxec
    42 | D        | Killed Menkaure
    72 | D        | Noticed a boulder beetle
    72 | D        | Noticed a boulder beetle
    80 | D        | Reached XP level 7. HP: 79/79 MP: 6/6
    81 | D        | Reached *** piety under Trog
    82 | D        | Reached skill level 10 in Unarmed Combat
   113 | D        | Killed a boulder beetle
   114 | D        | Reached skill level 12 in Unarmed Combat
   114 | D        | Reached XP level 8. HP: 87/92 MP: 7/7
   119 | D        | Killed a boulder beetle
   119 | D        | Reached **** piety under Trog
   120 | D        | Reached skill level 13 in Unarmed Combat
   162 | D        | Reached XP level 9. HP: 78/101 MP: 8/8
   188 | D        | Found Ceco's Antique Armour Emporium.
   188 | D        | Found Goafif's Magic Scroll Emporium.
   188 | D        | Found Gerchob's Antique Weapon Shoppe.
   188 | D        | Found Kigg's Distillery.
   188 | D        | Found Lextish's Antique Armour Shoppe.
   188 | D        | Found Tugepp's Antique Armour Shoppe.
   189 | D        | Found Exteyst's Distillery.
   189 | D        | Found Jogelir's Magic Scroll Shoppe.
   193 | D        | Found Juppouch's Book Shoppe.
   193 | D        | Found Ehyihumm's Jewellery Emporium.
   195 | D        | Found Piriylei's General Store.
   195 | D        | Found Rewis's Magic Scroll Shoppe.
   195 | D        | Noticed an oklob plant
   196 | D        | Found Duigg's Distillery.
   196 | D        | Found Neusomo's Book Shoppe.
   196 | D        | Found Keucoav's Jewellery Emporium.
   210 | D        | Reached skill level 10 in Fighting
   210 | D        | Reached skill level 10 in Dodging
   302 | D        | Bought a scroll of magic mapping for 90 gold pieces
   312 | D        | Bought the amulet of Demons {Reflect Rampage Will+ Int+3
                  | SH+5} for 489 gold pieces
   329 | D        | Reached skill level 14 in Unarmed Combat
   347 | D        | Bought a ring of flight for 210 gold pieces
   366 | D        | Noticed an orange crystal statue
   378 | D        | Found an opulent altar of Gozag.
   378 | D        | Found an iron altar of Okawaru.
   379 | D        | Found a blossoming altar of Fedhas.
   379 | D        | Found a sparkling altar of Nemelex Xobeh.
   380 | D        | Found a white marble altar of Elyvilon.
   380 | D        | Found a burning altar of Makhleb.
   380 | D        | Found a radiant altar of Vehumet.
   381 | D        | Found a shadowy altar of Dithmenos.
   381 | D        | Found a corrupted altar of Lugonu.
   381 | D        | Found a hide-covered altar of Uskayaw.
   382 | D        | Found a snail-covered altar of Cheibriados.
   382 | D        | Found an ancient bone altar of Kikubaaqudgha.
   382 | D        | Found a bloodstained altar of Trog.
   383 | D        | Found a viscous altar of Jiyva.
   383 | D        | Found a shimmering blue altar of Sif Muna.
   384 | D        | Found a hazy altar of Hepliaklqana.
   384 | D        | Found a sacrificial altar of Ru.
   389 | D        | Noticed a death yak
   397 | D        | Killed a death yak
   397 | D        | Reached ***** piety under Trog
   411 | D        | Found a stormy altar of Qazlal.
   411 | D        | Found an ornate altar of the Wu Jian Council.
   421 | D        | Noticed a yaktaur
   421 | D        | Noticed a polar bear
   422 | D        | Noticed a polar bear
   425 | D        | Killed a polar bear
   426 | D        | Reached skill level 15 in Unarmed Combat
   427 | D        | Noticed a polar bear
   429 | D        | Killed a polar bear
   436 | D        | Killed a polar bear
   443 | D        | Killed a yaktaur
   444 | D        | Reached skill level 16 in Unarmed Combat
   444 | D        | Reached XP level 10. HP: 70/111 MP: 9/9
   509 | D        | Noticed a deep elf master archer
   561 | D        | Noticed a fire dragon
   567 | D        | Killed a fire dragon
   568 | D        | Reached skill level 17 in Unarmed Combat
   646 | D        | Noticed a death drake
   646 | D        | Noticed a crystal guardian
   649 | D        | Noticed a death drake
   656 | D        | Killed a death drake
   656 | D        | Received a gift from Trog
   657 | D        | Killed from afar by a crystal guardian

Illustrated notes

Levels and vault maps discovered:
D:        the_violet_keep_of_menkaure [sprint2_stairs_cluster_1,
          sprint2_shoproom, sprint2_temple, sprint2_basic_supplies,
          sprint2_obstacle_4, sprint2_obstacle_5, sprint2_obstacle_3,
          sprint2_obstacle_6, sprint2_obstacle_2, sprint2_timed_cluster_1,
          sprint2_smallroom_cluster_1, sprint2_smallroom_final_cluster_1,
          sprint2_transparent_cluster_1, sprint2_second_timed_cluster_1,
          sprint2_sniper_area_1, sprint2_heavy_combat_area_1,
          sprint2_mutation_trap_area_1, sprint2_forest_area_1,
          sprint2_light_combat_area_1, sprint2_behind_water_1,
          sprint2_near_end_vault_1]

Skill      XL: |  1  2  3  4  5  6  7  8  9 10 |
---------------+-------------------------------+-----
Fighting       | 5 6 7 9 10 11 | 11.1
Dodging        | 5 6 7 9 11 | 11.5
Unarmed Combat | 6 8 9 12 13 16 17 | 17.4
Armour         | |  0.3
Stealth        | |  0.8
Shields        | |  0.3

Action                     |  1- 3 |  4- 6 |  7- 9 | 10-12 || total
---------------------------+-------+-------+-------+-------++-------
  Melee: Unarmed           |     9 |    10 |    70 |    23 ||   112
         Punch             |       |       |     7 |     5 ||    12
 Invoke: Berserk           |     1 |       |     1 |     1 ||     3
         Brothers in Arms  |       |       |     1 |       ||     1
    Use: Potion            |       |       |       |     1 ||     1
 Armour: Animal skin       |       |       |     9 |     1 ||    10
         Fire dragon scale |       |       |       |     1 ||     1
  Dodge: Dodged            |     2 |     4 |    29 |     4 ||    39
  Block: Other             |       |       |     2 |     3 ||     5

Table legend: (Time is in decaauts)
 A = Elapsed time spent in this place.
 B = Non-inter-level travel time spent in this place.
 C = Inter-level travel time spent in this place.
 D = Time resting spent in this place.
 E = Time spent auto-exploring this place.
 F = Levels seen in this place.
 G = Mean time per level.
                   A        B        C        D        E       F      G
               +--------+--------+--------+--------+--------+-----+--------+
         Total |    647 |    611 |     36 |    188 |    141 |   1 |  647.0 |
       Dungeon |    647 |    611 |     36 |    188 |    141 |   1 |  647.0 |
               +--------+--------+--------+--------+--------+-----+--------+

Top non-repeatable levels by time:
       D: 647 daAuts
